 Dungeon Crawl Stone Soup version 0.28.0-43-g3370ac3207 (webtiles) character file.

Game seed: 434095565279015670

14 jimonade the Caller (level 2, 0/16 HPs)
             Began as a Gargoyle Summoner on Mar 12, 2022.
             Slain by a quokka (4 damage)
             ... on level 1 of the Dungeon.
             The game lasted 00:03:15 (678 turns).

jimonade the Caller (Gargoyle Summoner)              Turns: 678, Time: 00:03:15

Health: 0/16       AC:  4    Str: 11    XL:     2   Next: 41%
Magic:  5/5        EV: 11    Int: 15    God:
Gold:   61         SH:  0    Dex: 10    Spells: 4/5 levels left

rFire   . . .      SeeInvis .   e - +0 dagger
rCold   . . .      Faith    .   (no shield)
rNeg    + . .      Spirit   .   a - +0 robe
rPois   ∞          Reflect  .   (no helmet)
rElec   +          Harm     .   (no cloak)
rCorr   .          Rampage  .   (no gloves)
Will    .....                   (no boots)
Stlth   ++........              (no amulet)
HPRegen 0.05/turn               (no ring)
MPRegen 0.09/turn               (no ring)

@: no status effects
A: sickness immunity, AC +2, negative energy resistance 1, electricity
resistance, torment resistance 1, petrification resistance
a: no special abilities


You were on level 1 of the Dungeon.
You visited 1 branch of the dungeon, and saw 1 of its levels.

You collected 61 gold pieces.

Inventory:

Hand Weapons
 e - a +0 dagger (weapon)
Missiles
 d - 13 arrows
Armour
 a - a +0 robe (worn)
 b - a +0 kite shield
Scrolls
 c - 2 scrolls of identify {unknown}
 g - a scroll of immolation {unknown}
Potions
 f - a potion of mutation {unknown}
 h - a potion of cancellation {unknown}


   Skills:
 * Level 0.5 Fighting
 * Level 0.5 Armour
 - Level 1.5 Dodging
 - Level 2.1 Stealth
 * Level 2.0 Spellcasting
 * Level 4.0 Summonings


You had 4 spell levels left.
You knew the following spells:

 Your Spells              Type           Power      Damage    Failure   Level
a - Summon Small Mammal   Summ           52%        N/A       4%          1

Your spell library contained the following spells:

 Spells                   Type           Power      Damage    Failure   Level
 Call Imp                 Summ           13%        N/A       6%          2
 Call Canine Familiar     Summ           13%        N/A       13%         3
 Foxfire                  Conj/Fire      4%         2x1d4     22%         1
 Summon Guardian Golem    Hex/Summ       7%         N/A       28%         3
 Conjure Flame            Conj/Fire      1%         6-21      54%         3
 Inner Flame              Hex/Fire       1%         N/A       54%         3
 Summon Lightning Spire   Summ/Air       7%         N/A       67%         4
 Flame Wave               Conj/Fire      1%         2d4       91%         4


Dungeon Overview and Level Annotations

Branches:
Dungeon (1/15)

Altars:


Innate Abilities, Weirdness & Mutations

You are immune to sickness and miasma.
Your stone body is resilient. (AC +2)
You are immune to poison.
You resist negative energy. (rN+)
You are resistant to electric shocks. (rElec)
You are resistant to unholy torment.
You are immune to petrification.


Message History

The quokka closely misses you. The quokka barely misses you.
The quokka bites you.
You swap places.
Your bat barely misses the quokka.
The quokka misses your bat.
Your bat barely misses the quokka.
The quokka bites your bat but does no damage.
Your bat completely misses the quokka.
The quokka closely misses your bat.
Your bat barely misses the quokka.
Your bat misses the quokka. The quokka barely misses your bat.
Your bat closely misses the quokka.
The quokka bites your bat.
Your bat hits the quokka. You miss the quokka.
The quokka is moderately wounded.
Your bat hits the quokka but does no damage.
The quokka barely misses you.
You barely miss the quokka.
The quokka is moderately wounded.
Your bat closely misses the quokka.
The quokka bites you.
You hit the quokka but do no damage.
The quokka is moderately wounded.
Your bat closely misses the quokka.
The quokka bites you.
You miss the quokka.
The quokka is moderately wounded.
Your bat misses the quokka.
The quokka bites you but does no damage.
You miss the quokka.
The quokka is moderately wounded.
Your bat closely misses the quokka.
The quokka barely misses you. The quokka bites you.
* * * LOW HITPOINT WARNING * * *
Your bat closely misses the quokka.
Your bat barely misses the quokka.
You hit the quokka but do no damage.
The quokka is moderately wounded.
Your bat barely misses the quokka.
The quokka bites you but does no damage.
You barely miss the quokka.
The quokka is moderately wounded.
Your bat misses the quokka. The quokka bites you.
You die...

#..# #..# #..#### #+# .....# #.#
..######.##.# #.# ........##.#
#.# . # #....b..# #.# ###.. #.
#.#..@rh# #.# ... #
#.####.#.###h######.##.# #
#....#.#.#.............#
#######....#.#.##########...####.
.........................>.......
...#####.....#.########.....♣....
.............#.# #.♣..♣....♣.
##..#######.##### .....♣♣♣♣♣♣..
................# ..♣♣.. .


You could see a quokka (ally target), 2 jackals and a friendly bat (summoned).

Vanquished Creatures
  A dart slug (D:1)
  A bat (D:1)
  A giant cockroach (D:1)
3 creatures vanquished.

Vanquished Creatures (collateral kills)
  A bat (D:1)
  An endoplasm (D:1)
  3 goblins (D:1)
  A frilled lizard (D:1)
  A rat (D:1)
7 creatures vanquished.

Grand Total: 10 creatures vanquished

Notes
Turn   | Place    | Note
-------+----------+-------------------------------------------
     0 | D:1      | jimonade the Gargoyle Summoner began the quest for the Orb.
     0 | D:1      | Reached XP level 1. HP: 10/10 MP: 3/3
   294 | D:1      | Reached XP level 2. HP: 15/15 MP: 1/5
   632 | D:1      | Reached skill level 4 in Summonings
   678 | D:1      | Slain by a quokka

Illustrated notes

Levels and vault maps discovered:
D:1:      lemuel_arrival_rhombus, layout_basic, chequers_ecumenical_altar_grove

Skill      XL: |  1  2 |
---------------+-------+-----
Summonings     | 4 |  4.0
Fighting       | |  0.5
Armour         | |  0.5
Dodging        | |  1.5
Stealth        | |  2.1
Spellcasting   | |  2.0

Action                   || total
-------------------------++-------
Melee: Unarmed           ||     9
       Dagger            ||    20
 Cast: Summon Small Mamm ||    11
Armor: Robe              ||    12
Dodge: Dodged            ||    21
